 Dungeon Crawl Stone Soup version 0.26.1-2-gb8aa6d0cf2 (webtiles) character file.

Game seed: 10488306906145455893

65 ubername the Chopper (level 4, -1/40 HPs)
             Began as a Hill Orc Monk on Mar 16, 2021.
             Was a Believer of Kikubaaqudgha.
             Slain by a goblin
             ... wielding a +0 club
             ... led by Robin
              (7 damage)
             ... on level 2 of the Dungeon.
             The game lasted 00:02:35 (2063 turns).

ubername the Chopper (Hill Orc Monk)                Turns: 2063, Time: 00:02:37

Health: -1/40      AC:  3    Str: 13    XL:     4   Next: 13%
Magic:  4/4        EV: 13    Int: 11    God:    Kikubaaqudgha [**....]
Gold:   125        SH:  0    Dex: 13    Spells: 3/3 levels left

rFire    . . .     SeeInvis .   a - +0 hand axe
rCold    . . .     Faith    .   (no shield)
rNeg     . . .     Spirit   .   b - +0 robe
rPois    .         Reflect  .   d - +0 helmet
rElec    .         Harm     .   (no cloak)
rCorr    .         Rampage  .   (no gloves)
Will     .....                  (no boots)
Stlth    ++........             (no amulet)
HPRegen  0.13/turn              (no ring)
MPRegen  0.09/turn              (no ring)

@: no status effects
A: no striking features
a: Renounce Religion, Receive Corpses


You were on level 2 of the Dungeon.
You worshipped Kikubaaqudgha.
Kikubaaqudgha was pleased with you.
You visited 1 branch of the dungeon, and saw 2 of its levels.

You collected 125 gold pieces.

Inventory:

Hand Weapons
 a - a +0 hand axe (weapon)
 l - a +0 hunting sling
Missiles
 t - 50 stones (quivered)
Armour
 b - a +0 robe (worn)
 d - a +0 helmet (worn)
 i - a +0 leather armour
Jewellery
 e - an uncursed ring of fire {unknown}
 k - an uncursed amulet of faith {unknown}
Scrolls
 f - 4 scrolls of remove curse {unknown}
 g - a scroll of fear {unknown}
 h - 3 scrolls of identify {unknown}
 n - a scroll of teleportation {unknown}
 o - a scroll of amnesia {unknown}
 p - a scroll of random uselessness {unknown}
 q - a scroll of enchant weapon {unknown}
 r - a scroll of blinking {unknown}
 s - a scroll of immolation {unknown}
Potions
 c - a potion of might {unknown}
 j - a potion of brilliance {unknown}
 m - 3 potions of curing {unknown}


   Skills:
 + Level 4.3 Fighting
 + Level 5.1 Axes
 + Level 2.9 Dodging
 + Level 1.8 Stealth


You had 3 spell levels left.
You didn't know any spells.
Your spell library contained the following spells:

 Spells                   Type           Power        Failure   Level
 Animate Skeleton         Necr           0%           34%         1
 Pain                     Necr           0%           34%         1
 Sublimation of Blood     Necr           0%           47%         2
 Vampiric Draining        Necr           0%           71%         3


Dungeon Overview and Level Annotations

Branches:
Dungeon (2/15)

Altars:
Cheibriados
Kikubaaqudgha
Makhleb

Annotations:
D:2 Robin


Message History

You see here a stone.
You slash the bat!
You kill the bat!
Kikubaaqudgha accepts your kill.
You hit the goblin but do no damage. You hit the hobgoblin but do no damage.
You hit the goblin.
You kill the goblin!
Kikubaaqudgha accepts your kill.
You barely miss the hobgoblin. You closely miss the goblin.
The kobold throws a stone.
The stone barely misses you. The goblin barely misses you.
The hobgoblin hits you with a +0 club.
* * * LOW HITPOINT WARNING * * *
The hobgoblin barely misses you. Robin throws the goblin at you!
* * * LOW HITPOINT WARNING * * *
The goblin hits you.
* * * LOW HITPOINT WARNING * * *
The goblin closely misses you. The goblin hits you with a +0 club!
You die...
Kikubaaqudgha rasps: "You have failed me!
Welcome... death!"

#>#...........
#.#...........
#.#.........#
#.#.........#
#.#.........#
#.#...Kgg...#
#.(.ggggg...#
###(.gggg...#
#####@#####
#..g# #.### #.
#


You could see Robin, 5 hobgoblins, 6 goblins and a kobold.

Vanquished Creatures
  A gnoll (D:1)
  An adder (D:2)
  An ooze (D:2)
  2 dart slugs
  2 leopard geckos (D:1)
  3 bats
  A giant cockroach (D:2)
  7 goblins
  7 hobgoblins
  4 frilled lizards
  4 kobolds
  5 rats
38 creatures vanquished.

Notes
Turn   | Place    | Note
-------+----------+-------------------------------------------
     0 | D:1      | ubername the Hill Orc Monk began the quest for the Orb.
     0 | D:1      | Reached XP level 1. HP: 19/19 MP: 1/1
   187 | D:1      | Reached XP level 2. HP: 21/27 MP: 2/2
   610 | D:1      | Reached XP level 3. HP: 23/33 MP: 3/3
  1552 | D:2      | Found a snail-covered altar of Cheibriados.
  1552 | D:2      | Found an ancient bone altar of Kikubaaqudgha.
  1554 | D:2      | Found a burning altar of Makhleb.
  1579 | D:2      | Became a worshipper of Kikubaaqudgha
  1579 | D:2      | Reached * piety under Kikubaaqudgha
  1579 | D:2      | Identified Kikubaaqudgha's Grimoire of Evil (Kikubaaqudgha
                  | gifted it to you on level 2 of the Dungeon)
  1579 | D:2      | Received a gift from Kikubaaqudgha
  1579 | D:2      | Reached ** piety under Kikubaaqudgha
  1910 | D:2      | Reached skill level 5 in Axes
  1910 | D:2      | Reached XP level 4. HP: 35/40 MP: 4/4
  2054 | D:2      | Noticed Robin
  2063 | D:2      | Slain by a goblin

Illustrated notes

Levels and vault maps discovered:
D:1:      dpeg_arrival_rooms_c, layout_basic
D:2:      layout_basic, grunt_temple_overflow_open, uniq_robin,
          uniq_crazy_yiuf_cottage

Skill      XL: |  1  2  3 |
---------------+----------+-----
Fighting       | 4 |  4.3
Axes           | 5 |  5.1
Dodging        | |  2.9
Stealth        | |  1.8

Action                   |  1- 3 |  4- 6 || total
-------------------------+-------+-------++-------
Melee: Hand axe          |   111 |     5 ||   116
 Stab: Sleeping          |     3 |       ||     3
Armor: Robe              |    18 |     5 ||    23
Dodge: Dodged            |    88 |    28 ||   116
